 Dungeon Crawl Stone Soup version 0.31-a0-981-geadf994542 (webtiles) character file.

Game seed: 17804395451477783922

74 Firecrotchwizard the Insei (level 4, -5/23 HPs)
             Began as a Vine Stalker Shapeshifter on Nov 1, 2023.
             Slain by an ogre
             ... wielding a +0 giant spiked club
              (10 damage)
             ... on level 3 of the Dungeon.
             The game lasted 00:03:37 (1607 turns).

Firecrotchwizard the Insei (VSSh)                   Turns: 1607, Time: 00:03:37

Health: -5/23      AC:  5    Str: 16    XL:     4   Next: 30%
Magic:  0/5        EV: 11    Int: 10    God:
Gold:   140        SH:  0    Dex: 16    Spells: 3/3 levels left

rFire   . . .        v - +4 spear (vamp)
rCold   + . .        (no shield)
rNeg    . . .        h - +0 ring mail
rPois   +            (helmet currently unavailable)
rElec   .            (cloak currently unavailable)
rCorr   +            (gloves currently unavailable)
SInv    .            (boots currently unavailable)
Will    .....        (no amulet)
Stlth   +            s - ring of resist corrosion
HPRegen 1.03/turn    x - ring "Wiprob" {rPois rC+}
MPRegen 0.09/turn

%: guardian spirit
@: beast-form
A: beast (slay +1), fangs 2, regeneration 1, magic shield, antimagic bite, no
potion heal 2
a: Begin Untransformation


You were on level 3 of the Dungeon.
You were a hulking beast.
You visited 1 branch of the dungeon, and saw 3 of its levels.

You collected 140 gold pieces.

Inventory:

Hand Weapons
 v - a +4 vampiric spear (weapon)
Missiles
 u - 7 poisoned darts
Armour
 a - a +0 animal skin
 h - a +0 ring mail (worn)
Jewellery
 s - a ring of resist corrosion (left hand)
 x - the ring "Wiprob" (right hand) {rPois rC+}
   (You found it on level 3 of the Dungeon)

   [ring of poison resistance]

   rC+:       It protects you from cold.
   rPois:     It protects you from poison
Talismans
 c - a beast talisman
 d - a flux talisman
Scrolls
 e - a scroll of enchant weapon {unknown}
 g - 4 scrolls of poison {unknown}
 j - 3 scrolls of identify {unknown}
 k - 2 scrolls of teleportation {unknown}
 m - a scroll of vulnerability {unknown}
 n - a scroll of blinking {unknown}
 p - a scroll of fog {unknown}
 q - a scroll of fear {unknown}
 w - a scroll of noise {unknown}
Potions
 b - a potion of lignification
 f - 2 potions of cancellation {unknown}
 i - 2 potions of mutation {unknown}
 l - 2 potions of curing {unknown}
 o - a potion of haste {unknown}
 r - a potion of heal wounds {unknown}
 t - a potion of attraction {unknown}


   Skills:
 + Level 1.9 Fighting
 - Level 1.5 Dodging
 * Level 4.1 Unarmed Combat
 + Level 3.4 Shapeshifting


You had 3 spell levels left.
You didn't know any spells.
Your spell library contained the following spells:

 Spells                   Type           Power      Damage    Failure   Level
 Wereblood                Tmut           0%         N/A       73%         2
 Irradiate                Conj/Tmut      0%         3d11      100%        5


Dungeon Overview and Level Annotations

Branches:
Dungeon (3/15)

Altars:


Innate Abilities, Weirdness & Mutations

You are a hulking beast.
Your limbs bulge with bestial killing power. (Slay +1)
You have extremely sharp teeth.
Your natural rate of healing is unusually fast.
When hurt, damage is shared between your health and your magic reserves.
Your bite disrupts and absorbs the magic of your enemies.
Potions cannot restore your health.


Message History

You kill the rat!
No target in view!
You see here a ball python corpse.
Done exploring.
Done exploring.
There is a stone staircase leading down here.
You climb downwards.
The endoplasm quivers.
There is a stone staircase leading up here.
An endoplasm is nearby!
You reach to attack!
You puncture the endoplasm!
You kill the endoplasm!
No target in view!
l - 2 fuming brown potions (gained 1)
You open the door.
There is an open door here.
Found a dagger.
No target in view!
A hobgoblin comes into view.
The hobgoblin shouts!
A hobgoblin is nearby!
You reach to attack!
You puncture the hobgoblin!
You kill the hobgoblin!
No target in view!
Found a stone staircase leading down.
You see here a hobgoblin corpse.
You now have 140 gold pieces (gained 15).
A ball python comes into view.
The ball python hisses angrily.
A ball python is nearby!
You reach to attack!
You puncture the ball python!
You kill the ball python!
No target in view!
j - 3 scrolls labelled IPRISMUJEU (gained 1)
A rat comes into view.
You closely miss the rat. You bite the rat. You drain its power.
The rat is severely wounded.
A hobgoblin comes into view.
The rat bites you.
You closely miss the rat.
The rat is severely wounded.
The hobgoblin shouts!
The rat completely misses you.
You hit the rat.
You feel better.
You kill the rat!
You barely miss the hobgoblin. You bite the hobgoblin. You drain its power.
The hobgoblin is moderately wounded.
The hobgoblin hits you.
You hit the hobgoblin. You bite the hobgoblin.
You kill the hobgoblin!
No target in view!
Magic restored.
x - the ring "Wiprob" {rPois rC+}
x - the ring "Wiprob" (right hand) {rPois rC+} A frilled lizard comes into view.
The frilled lizard hisses angrily.
You miss the frilled lizard. You bite the frilled lizard. You drain its power.
The frilled lizard is heavily wounded.
The frilled lizard closely misses you.
You puncture the frilled lizard!
You kill the frilled lizard!
No target in view!
You see here a frilled lizard corpse.
A hobgoblin comes into view.
The hobgoblin shouts!
You reach to attack!
You hit the hobgoblin.
The hobgoblin is almost dead.
You puncture the hobgoblin!
You kill the hobgoblin!
No target in view!
An ogre comes into view. It is wielding a +0 giant spiked club.
Okay, then.
Throw: 10 darts (poison)
Press: ? - help, Shift-Dir - straight line, f - ogre
Aim: an ogre, wielding a +0 giant spiked club (74% to hit)
You throw a poisoned dart. The poisoned dart hits the ogre.
Throw: 9 darts (poison)
Press: ? - help, Shift-Dir - straight line, f/p - ogre
Aim: an ogre, wielding a +0 giant spiked club (74% to hit)
You throw a poisoned dart.
The poisoned dart barely misses the ogre.
Throw: 8 darts (poison)
Press: ? - help, Shift-Dir - straight line, f/p - ogre
Aim: an ogre, wielding a +0 giant spiked club (74% to hit)
You throw a poisoned dart. The poisoned dart hits the ogre.
The ogre is poisoned.
You hit the ogre.
The ogre is moderately wounded.
The ogre hits you with a +0 giant spiked club!!
* * * LOW MAGIC WARNING * * *
Ouch! That really hurt!
* * * LOW HITPOINT WARNING * * *
You barely miss the ogre.
The ogre is moderately wounded.
The ogre barely misses you.
You hit the ogre.
You feel better.
The ogre is moderately wounded.
The ogre hits you with a +0 giant spiked club!
* * * LOW MAGIC WARNING * * *
You die...

.........................
..........###########.###
##......#.# #.#
..........######### #.###
...............<.# #....
..#.........####.#######
.##.....................
+...........##..######
#.$..h....#.###.#
#.....O...#.# #.##
#......(..# # #..##
#.........# ###..####
#.......((# #........
#.........# #........
#.........# #........
########### #........
#........


You could see an ogre (poisoned).

Vanquished Creatures
  An adder (D:2)
  A dart slug (D:1)
  A worm (D:2)
  5 bats
  7 endoplasms
  2 giant cockroaches (D:1)
  6 goblins
  6 hobgoblins
  2 jackals (D:2)
  5 kobolds
  2 quokkas (D:2)
  6 ball pythons
  3 frilled lizards
  6 rats
53 creatures vanquished.

Notes
Turn   | Place    | Note
-------+----------+-------------------------------------------
     0 | D:1      | Firecrotchwizard the Vine Stalker Shapeshifter began the
                  | quest for the Orb.
     0 | D:1      | Reached XP level 1. HP: 9/9 MP: 2/2
    26 | D:1      | Reached skill level 1 in Fighting
    57 | D:1      | Reached XP level 2. HP: 13/14 MP: 3/3
   525 | D:1      | Reached XP level 3. HP: 18/18 MP: 4/4
  1078 | D:2      | Reached XP level 4. HP: 23/23 MP: 5/5
  1135 | D:2      | Reached skill level 4 in Unarmed Combat
  1533 | D:3      | Identified the ring "Wiprob" {rPois rC+}
  1600 | D:3      | Noticed an ogre
  1605 | D:3      | HP: 1/23 [ogre/+0 giant spiked club (22)]
  1607 | D:3      | Slain by an ogre

Illustrated notes

Levels and vault maps discovered:
D:1:      eino_arrival_tree_alley, layout_loops_ring
D:2:      layout_rooms
D:3:      layout_basic, mainiacjoe_overflow_catwalk_spiral

Skill      XL: |  1  2  3  4 |
---------------+-------------+-----
Fighting       | 1 |  1.9
Unarmed Combat | 4 |  4.1
Dodging        | |  1.5
Shapeshifting  | |  3.4

Action                     |  1- 3 |  4- 6 || total
---------------------------+-------+-------++-------
  Melee: Unarmed           |    88 |    11 ||    99
         Bite              |    20 |     9 ||    29
         Punch             |     4 |       ||     4
         Spear             |       |    19 ||    19
  Throw: Dart              |       |     3 ||     3
 Armour: Animal skin       |     7 |       ||     7
         Ring mail         |    37 |    14 ||    51
  Dodge: Dodged            |    37 |     7 ||    44

Table legend: (Time is in decaauts)
 A = Elapsed time spent in this place.
 B = Non-inter-level travel time spent in this place.
 C = Inter-level travel time spent in this place.
 D = Time resting spent in this place.
 E = Time spent auto-exploring this place.
 F = Levels seen in this place.
 G = Mean time per level.
                   A        B        C        D        E       F      G
               +--------+--------+--------+--------+--------+-----+--------+
         Total |   1600 |   1500 |    100 |      0 |   1175 |   3 |  533.3 |
       Dungeon |   1600 |   1500 |    100 |      0 |   1175 |   3 |  533.3 |
               +--------+--------+--------+--------+--------+-----+--------+

Top non-repeatable levels by time:
     D:1: 855 daAuts
     D:2: 505 daAuts
     D:3: 238 daAuts
